woodfighter, neutral female scurrid Tourist --- .- ---- . ---..-- . |.....| |.- -......-- -.-- | --.- -.<...| ...--.--.... ----..-- -....|....- --..| |.......-.|--- --- --- |..| |.........--.---.-- ---.-- ---..| --.. |.#-.G..Q|...| |....---....| --- |.|-.>.......| ---.........(.| |.|........%)---.............| |.|.......d@.............%%..| |.--..--.|)|Q................-- |....--------......%..........| |..--- |................-- |..| --....|....--.---- ---- ---.---.------ --- --- woodfighter the Excursionist Experience level: 8 Strength: 15 Dexterity: 14 Constitution: 14 Intelligence: 15 Wisdom: 6 Charisma: 14 Health: 0(39) Energy: 27(27) Def: 7 Gold: 19 Moves: 5332 Dungeon seed: MMpOeQGJJZdGVfZn Game ID: woodfighter_1519501631 Your Inventory: Coins $ - 19 gold pieces Amulets x - an uncursed amulet of reflection (being worn) H - an uncursed amulet versus poison Weapons a - 23 blessed +2 darts (in quiver) K - 19 +0 darts Armor e - an uncursed +0 Hawaiian shirt (being worn) q - an uncursed +0 dwarvish cloak r - an uncursed +0 dwarvish cloak z - an uncursed +3 dwarvish cloak (being worn) C - an uncursed +0 dwarvish cloak L - an uncursed +0 dwarvish cloak N - an uncursed +0 dwarvish iron helm (being worn) Y - an uncursed +0 pair of iron shoes (being worn) Comestibles b - 2 uncursed tripe rations i - an uncursed banana o - an uncursed cream pie p - 6 uncursed food rations O - an uncursed pear T - an uncursed lichen corpse V - an uncursed chestnut W - an uncursed eucalyptus leaf X - an uncursed sprig of wolfsbane Z - an uncursed lizard corpse Rings j - an uncursed ring of cold resistance (on right paw) v - an uncursed ring of polymorph control (on left paw) Wands d - a wand of digging (0:5) f - a wand of fire (0:7) g - a wand of sleep (0:3) P - a wand of enlightenment (0:8) Tools k - an expensive camera (0:77) n - an uncursed leash s - an uncursed bag of holding y - an uncursed skeleton key Gems R - an uncursed flint Contents of the bag of holding: a [cursed] scroll of identify a [uncursed] scroll of scare monster Spells and supernatural/magical abilities: Name Level Category Fail Memory W - pray for help -- divine ? -- Your skills at the end: Miscellaneous Skills wands [Basic] Weapon Skills dart [Skilled] Spellcasting Skills Final Attributes: You were devoutly aligned. You were cold resistant. Your writing paw was ok. You were telepathic. You had infravision. You were very stealthy. You had polymorph control. You had reflection. You are dead. Vanquished creatures: 2 giant mimics a large cat 2 leprechauns 2 lizards a mumak 3 Green-elves an owlbear a dwarf lord a yellow light 4 bugbears an imp a wood nymph 5 Mordor orcs a fog cloud 2 shriekers a gnome lord 2 gnomish wizards an elf zombie 3 straw golems a puppy 2 floating eyes 2 kittens 5 dwarves 2 homunculi a kobold lord 6 iguanas a rabid rat 3 jitterbugs a giant bat a wererat 2 coyotes 3 gas spores 6 hobbits 4 acid blobs 2 large kobolds 3 geckos 9 hobgoblins a giant rat 3 cave spiders 5 brown molds 5 yellow molds a green mold a red mold 7 gnomes a gnome zombie 12 jackals 2 foxes 3 kobolds 6 newts a goblin 5 sewer rats 3 bats 3 lichens 2 kobold zombies 150 creatures vanquished. Voluntary challenges: You did not cause conflict. You were not invisible. You did not have reflection until turn 4408. You were not displaced. You had been an atheist until turn 2450. You never hit with a wielded weapon. You did not apply a unicorn horn. You did not use plumbed fixtures. You did not drink any magical draughts. You read items or engraved 2 times, starting on turn 2450. You never genocided any monsters. You never polymorphed an object. You never changed form. You completed Sokoban on turn 4325, according to the rules. You used no wishes. You never split a pudding. You never wrote Elbereth's name. You never violated your personal moral code. Dungeon overview: The Dungeons of Doom: levels 1 to 9 Level 1 a sink a long staircase Level 2 a general store Level 3 a fountain Level 4 stairs to The Gnomish Mines Level 5 (throne + stash) a fountain, a throne Level 6 many fountains Level 7 stairs to Sokoban Level 8 Level 9 The Gnomish Mines: levels 5 to 6 Level 5 stairs to The Dungeons of Doom Level 6 <- You were here Sokoban: levels 3 to 6 Level 3 a magic chest Level 4 a sink Level 5 Level 6 an altar to The Lady, a magic chest stairs to The Dungeons of Doom History has recorded: On T:1 you entered the Dungeons of Doom to retrieve the Amulet of Yendor! On T:155 you reached level 2 of The Dungeons of Doom. On T:388 you reached level 3 of The Dungeons of Doom. On T:569 you advanced to experience level 2. On T:661 you reached level 4 of The Dungeons of Doom. On T:678 you advanced to experience level 3. On T:817 you reached level 5 of The Dungeons of Doom. On T:938 you reached level 1 of The Gnomish Mines. On T:1095 you advanced to experience level 4. On T:1225 you advanced to experience level 5. On T:1462 you reached level 6 of The Dungeons of Doom. On T:1600 you reached level 7 of The Dungeons of Doom. On T:1674 you advanced to experience level 6. On T:1769 you reached level 9 of The Dungeons of Doom. On T:1805 you reached level 8 of The Dungeons of Doom. On T:2193 you reached level 4 of Sokoban. On T:2448 you opened a magic chest. On T:2557 you advanced to experience level 7. On T:2705 you reached level 3 of Sokoban. On T:3218 you reached level 2 of Sokoban. On T:3665 you reached level 1 of Sokoban. On T:4325 you advanced to experience level 8. On T:4325 you entered the Sokoban zoo. On T:4880 you reached level 2 of The Gnomish Mines. Score breakdown: Gold: 0 ( 0 points) Experience: 8 levels ( 700 points) Exploration: 9 levels ( 240 points) Discoveries: 26 items ( 1300 points) Variety of kills: 54 monsters ( 2000 points) Major goal: finished Sokoban ( 1000 points) Survival: died (score multiplied by 3) Total score: 15720 Latest messages: The large dog misses the Green-elf. You throw 2 darts. The 1st dart hits the Green-elf. The 2nd dart hits the Green-elf. The Green-elf swings her runed broadsword at you. The Green-elf misses. The large dog picks up a runed dagger. The large dog bites the Green-elf. The Green-elf is killed! The dart hits the Green-elf! The Green-elf thrusts her runed spear named Spear of Reckoning at you. The Green-elf jabs you! The gnomish wizard casts a spell! The gnomish wizard is suddenly moving faster. The dart hits the Green-elf! The dart hits the Green-elf. The Green-elf thrusts her runed spear named Spear of Reckoning at you. The Green-elf jabs you! The dart hits the Green-elf. The Green-elf thrusts her runed spear named Spear of Reckoning at you. The Green-elf jabs you! You die... Final status: Aloha woodfighter the Tourist, killed by a Green-elf... You died in The Gnomish Mines on dungeon level 6 with 15720 points, and 19 pieces of gold, after 5332 moves. You were level 8 with a maximum of 39 hit points when you died.